Map: [TLMC15] Glittering Ashes

Players

ByuN - Winner!

  • Race: Terran Terran

MaxPax

  • Race: Protoss Protoss

Event: StayAtHome Story Cup #4

VOD

Have the link to the VOD?

Description

Time

  • Played on: Oct. 23, 2021, 1:40 p.m.
  • Length: 15:14

All games in this series

Show
View Real Time Build Order
Export as new Build Order

ByuN Terran - Winner!

Build Orders: Reaper Expand 

Get SALT Encoding   

  12  0:00  SCV  
  13  0:12  SCV  
  14  0:17  Supply Depot  
  14  0:24  SCV  
  15  0:38  SCV  
  15  0:40  Barracks  
  16  0:43  Refinery  
  16  0:50  SCV  
  17  1:03  SCV  
  18  1:15  SCV  
  19  1:27  Reaper, Orbital Command  
  20  1:45  Command Center  
  20  1:53  SCV  
  21  1:55  Supply Depot  
  21  1:59  Barracks Reactor  
  21  2:05  SCV  
  22  2:18  SCV  
  23  2:23  Command Center  
  23  2:32  SCV  
  23  2:33  Barracks  
  23  2:36  Marine  
  25  2:38  Marine  
  26  2:44  SCV  
  27  2:56  SCV  
  27  2:57  Marine x2  
  30  2:58  Orbital Command  
  30  3:08  SCV  
  30  3:10  Engineering Bay  
  31  3:14  Bunker  
  31  3:16  Marine x2  
  33  3:21  Barracks Tech Lab  
  33  3:24  SCV x2  
  35  3:35  Marine x2  
  35  3:36  SCV x2  
  35  3:38  Terran Infantry Weapons Level 1  
  39  3:45  Marine, Stimpack  
  40  3:48  SCV x2  
  40  3:52  Refinery  
  40  3:54  Barracks  
  42  3:56  Orbital Command  
  42  4:00  SCV  
  42  4:01  SCV  
  42  4:02  Marine  
  45  4:04  Marine  
  45  4:05  Marine  
  47  4:13  SCV x2  
  47  4:14  Factory  
  49  4:20  Supply Depot  
  49  4:22  Marine x2  
  51  4:25  SCV x2, Marauder  
  51  4:28  SCV  
  51  4:31  Refinery  
  56  4:37  SCV x2  
  58  4:40  SCV, Marine  
  58  4:41  Barracks Tech Lab  
  59  4:46  Marauder  
  59  4:49  SCV x2  
  59  4:51  Supply Depot  
  63  4:52  SCV  
  63  4:58  Factory Reactor  
  63  4:59  Supply Depot, Starport  
  64  5:01  SCV x2  
  64  5:02  Refinery  
  64  5:05  Marine x2  
  64  5:06  Combat Shield  
  68  5:13  Marauder  
  68  5:14  Marauder  
  72  5:15  Supply Depot  
  72  5:21  Supply Depot  
  72  5:23  SCV x3  
  72  5:28  Barracks  
  75  5:32  Barracks  
  75  5:35  SCV x2  
  75  5:36  Orbital Command  
  75  5:39  Marine x2  
  75  5:40  Marauder x2  
  81  5:47  Factory Reactor  
  81  5:48  Supply Depot  
  81  5:49  Medivac x2  
  85  5:52  SCV  
  85  5:54  SCV  
  85  5:55  Missile Turret  
  87  6:02  Terran Infantry Armor Level 1  
  87  6:03  SCV  
  87  6:04  SCV  
  87  6:06  SCV, Marine  
  87  6:07  Marine  
  87  6:10  Supply Depot  
  91  6:12  Marauder  
  91  6:13  Marauder  
  91  6:15  Barracks Reactor  
  91  6:17  SCV x2  
  97  6:18  Barracks Tech Lab  
  97  6:20  Supply Depot  
  97  6:29  Marine x2  
  97  6:31  SCV x3  
  102  6:33  Supply Depot  
  102  6:34  Medivac x2  
  102  6:36  Marauder  
  102  6:37  Marauder, Marine  
  111  6:43  Supply Depot, SCV x3  
  114  6:49  Marine x2  
  114  6:50  Concussive Shells  
  116  6:55  SCV x2  
  116  6:56  SCV  
  116  6:58  Marine x2  
  121  7:07  SCV, Marauder x3, Marine x2  
  123  7:09  Widow Mine x2  
  123  7:12  SCV x2  
  123  7:14  Supply Depot  
  123  7:15  Refinery x2  
  129  7:17  Supply Depot, Marine x2  
  129  7:19  Medivac x2  
  129  7:20  SCV  
  136  7:29  Engineering Bay, Armory  
  136  7:30  Marauder x2, Marine  
  136  7:36  Widow Mine x2  
  128  7:45  Marauder  
  128  7:48  Marine x2  
  128  7:49  Marine x2  
  130  7:51  Marauder  
  130  7:56  Marauder  
  130  7:58  Widow Mine x2  
  131  8:06  Marine x2, Medivac x2, Marauder  
  131  8:11  Marine x2  
  141  8:13  Marauder  
  141  8:17  SCV x2  
  141  8:18  Marauder  
  151  8:21  Terran Infantry Weapons Level 2  
  147  8:28  Terran Infantry Armor Level 2, Marauder  
  147  8:33  Marine x4  
  155  8:34  Marauder  
  155  8:40  Marauder  
  157  8:46  Supply Depot  
  157  8:48  Supply Depot  
  157  8:50  Supply Depot  
  157  8:54  Marauder  
  161  8:56  Marauder, Command Center  
  152  9:06  Marine x2  
  152  9:08  Widow Mine  
  152  9:09  Widow Mine  
  150  9:15  Viking x2  
  150  9:16  SCV x3  
  151  9:20  Marauder x3  
  147  9:28  SCV x2, Marine x2  
  147  9:30  Widow Mine x2  
  148  9:35  Marine x2  
  148  9:37  SCV  
  149  9:40  SCV  
  149  9:41  SCV, Marauder x3  
  148  9:49  SCV  
  148  9:50  Marine x2  
  149  9:52  SCV  
  149  9:53  SCV  
  149  10:01  SCV  
  149  10:05  SCV  
  149  10:06  Marine, Marauder x3  
  156  10:09  Sensor Tower  
  156  10:11  Marine x2, Ghost Academy  
  158  10:14  Marine  
  158  10:15  Planetary Fortress  
  158  10:16  SCV x2  
  158  10:17  SCV  
  162  10:23  Marine  
  162  10:27  Viking x2  
  165  10:29  Marauder  
  165  10:30  Marine x2  
  169  10:36  SCV x2  
  167  10:47  Missile Turret  
  159  10:50  SCV x2  
  159  10:52  Missile Turret  
  159  10:55  SCV  
  158  10:58  Missile Turret  
  158  11:02  SCV  
  126  11:16  Marauder x3  
  126  11:22  Marine x2  
  126  11:24  SCV x2  
  109  11:26  Viking x2  
  108  11:35  Marine x2  
  108  11:37  SCV x2, Marauder  
  108  11:38  Marauder x2  
  108  11:39  SCV  
  119  11:42  Marine x2  
  119  11:44  SCV  
  122  11:50  SCV x2  
  122  11:52  Missile Turret  
  124  11:56  Marine  
  124  11:57  SCV  
  124  11:59  Marauder  
  128  12:06  Marauder x2  
  115  12:12  Marine  
  86  12:17  SCV x2  
  86  12:20  Marauder  
  72  12:25  Marine  
  72  12:28  Marauder x2, Marine x2  
  76  12:32  SCV x2  
  76  12:34  Marine  
  78  12:42  Marauder  
  78  12:43  Marine  
  79  12:46  Marine x2  
  79  12:48  SCV  
  79  12:49  Marauder x2  
  79  12:52  Marine  
  79  12:53  SCV  
  79  12:57  SCV  
  82  13:00  SCV, Marine  
  82  13:04  Marine x2  
  87  13:05  SCV  
  87  13:11  SCV  
  87  13:12  SCV  
  89  13:17  SCV  
  89  13:18  Ghost x2  
  94  13:21  Ghost  
  94  13:23  Marine  
  94  13:26  SCV, Marine x2  
  100  13:27  Marine  
  100  13:29  SCV  
  100  13:30  SCV  
  100  13:31  SCV  
  104  13:41  Marine  
  104  13:42  Medivac  
  104  13:44  Marine x2, Medivac  
  104  13:45  Marine  
  104  13:46  SCV x2  
  104  13:47  SCV, Marauder  
  104  13:48  Marauder  
  119  13:55  Ghost  
  121  14:00  Marine  
  121  14:01  Marine  
  121  14:02  Marine  
  120  14:03  SCV x2, Marine  
  120  14:04  SCV  
  120  14:09  Marauder x2  
  126  14:12  SCV  
  126  14:15  SCV x2  
  126  14:16  SCV  
  130  14:19  Marine x3  
  130  14:21  Marine  
  138  14:24  Marauder  
  138  14:27  SCV  
  138  14:30  Marauder x2  
  138  14:31  Medivac x2  
  143  14:45  Marauder  
  143  14:52  Marauder x2  
Show
View Real Time Build Order
Export as new Build Order

MaxPax Protoss 

Build Orders: 1 Gate Expand, Blink Stalkers, Colossus Rush 

Get SALT Encoding   

  12  0:00  Probe  
  13  0:12  Probe  
  14  0:17  Pylon  
  14  0:24  Probe (Chrono Boost)  
  16  0:36  Probe (Chrono Boost)  
  16  0:37  Gateway  
  16  0:43  Probe (Chrono Boost)  
  16  0:45  Assimilator  
  17  0:51  Probe  
  18  1:03  Probe  
  19  1:15  Probe  
  20  1:22  Nexus  
  20  1:33  Cybernetics Core  
  20  1:35  Probe  
  21  1:41  Assimilator  
  21  1:47  Probe  
  22  1:50  Pylon  
  22  1:59  Probe  
  23  2:07  Stalker (Chrono Boost)  
  23  2:10  Warp Gate (Chrono Boost)  
  23  2:11  Probe  
  26  2:23  Probe  
  26  2:24  Twilight Council  
  27  2:32  Adept  
  27  2:35  Probe  
  27  2:36  Probe  
  31  2:47  Probe  
  31  2:48  Probe  
  33  2:52  Gateway, Blink (Chrono Boost)  
  33  2:59  Probe  
  33  3:01  Probe  
  35  3:11  Probe  
  36  3:13  Probe  
  36  3:17  Robotics Facility  
  37  3:23  Probe  
  37  3:25  Probe  
  39  3:29  Pylon  
  39  3:35  Probe  
  39  3:37  Probe  
  41  3:47  Pylon  
  41  3:48  Probe, Assimilator  
  40  3:50  Probe  
  40  3:52  Assimilator  
  40  3:53  Stalker x2  
  45  3:58  Pylon  
  45  4:00  Probe  
  46  4:03  Probe  
  46  4:04  Pylon  
  46  4:05  Observer  
  48  4:12  Probe  
  48  4:15  Probe  
  48  4:16  Stalker x2  
  54  4:24  Probe  
  54  4:27  Probe  
  56  4:36  Probe  
  56  4:38  Robotics Bay  
  57  4:39  Forge  
  57  4:43  Immortal  
  61  4:50  Sentry  
  63  4:54  Nexus  
  63  4:57  Observer  
  63  4:59  Probe  
  64  5:00  Pylon  
  64  5:01  Probe  
  64  5:02  Observer  
  65  5:10  Stalker  
  65  5:12  Charge  
  65  5:14  Pylon, Probe x2  
  67  5:17  Observer  
  67  5:21  Protoss Ground Weapons Level 1  
  69  5:26  Probe  
  69  5:27  Probe  
  71  5:32  Colossus (Chrono Boost)  
  75  5:39  Probe  
  76  5:44  Gateway  
  76  5:48  Gateway  
  76  5:52  Photon Cannon, Probe, Shield Battery  
  76  5:53  Probe  
  76  5:56  Sentry  
  79  5:58  Extended Thermal Lance (Chrono Boost)  
  79  6:05  Shield Battery  
  79  6:06  Probe  
  79  6:08  Probe x2  
  82  6:13  Colossus (Chrono Boost)  
  82  6:18  Probe  
  89  6:20  Probe  
  89  6:21  Probe  
  91  6:26  Pylon  
  91  6:28  Sentry, Zealot  
  91  6:32  Gateway  
  95  6:36  Gateway  
  95  6:40  Photon Cannon  
  95  6:44  Pylon  
  95  6:47  Stalker  
  95  6:48  Shield Battery  
  95  6:52  Zealot x2  
  101  6:54  Zealot  
  103  7:03  Colossus (Chrono Boost)  
  103  7:07  Probe x2  
  109  7:16  Zealot x4  
  117  7:23  Gateway, Pylon  
  117  7:28  Gateway  
  117  7:34  Zealot  
  117  7:35  Zealot  
  119  7:43  Zealot x4  
  123  7:47  Warp Prism (Chrono Boost)  
  123  7:52  Protoss Ground Weapons Level 2 (Chrono Boost)  
  123  7:55  Gateway x2  
  115  8:08  Stalker x5  
  125  8:22  Pylon  
  125  8:23  Zealot x3  
  131  8:33  Stalker  
  131  8:34  Stalker x2  
  131  8:36  Pylon  
  131  8:42  Dark Shrine  
  131  8:43  Pylon  
  131  8:48  Zealot x5  
  137  9:04  Zealot x4  
  137  9:05  Zealot  
  133  9:16  Zealot x4  
  141  9:29  Stalker  
  141  9:30  Stalker x5  
  119  9:43  Zealot  
  104  9:56  Stalker  
  104  10:06  Probe x2  
  105  10:08  Probe  
  106  10:14  Dark Templar x3  
  106  10:17  Dark Templar x2  
  106  10:18  Probe  
  117  10:24  Stalker  
  117  10:25  Stalker  
  121  10:35  Zealot x3  
  127  10:45  Probe  
  126  10:53  Zealot x4  
  130  10:58  Dark Templar  
  130  10:59  Observer (Chrono Boost)  
  113  11:19  Stalker x5  
  105  11:29  Observer (Chrono Boost)  
  105  11:30  Dark Templar x2  
  108  11:35  Dark Templar  
  110  11:42  Zealot x2  
  114  11:51  Dark Templar x2  
  112  12:15  Zealot x5  
  68  12:43  Zealot x6  
  68  12:44  Zealot x4  
  72  13:00  Colossus (Chrono Boost)  
  78  13:08  Shadow Stride  
  78  13:10  Sentry x2  
  82  13:15  Nexus  
  82  13:22  Shield Battery, Probe  
  82  13:23  Probe x2  
  85  13:35  Probe x3  
  85  13:41  Disruptor (Chrono Boost)  
  92  13:47  Probe  
  90  13:49  Dark Templar x4  
  94  14:00  Probe  
  95  14:05  Probe, Disruptor (Chrono Boost)  
  95  14:06  Archon  
  95  14:07  Archon  
  99  14:11  Photon Cannon  
  99  14:18  Probe x3  
  99  14:23  Pylon  
  102  14:34  Dark Templar x3  
  102  14:37  Disruptor  
  95  14:48  Dark Templar x2  
  95  14:50  Zealot x2  
  103  14:58  Zealot x3  
  73  15:08  Zealot x2, Dark Templar  
Tags
 
Add a new tag
Caveats
  • Supply blocks, unpowered buildings, or Contaminate may cause inaccurate times.
  • Supply counts are checked every 10 seconds.